 Dungeon Crawl Stone Soup version 0.21-a0-442-g848f44b (webtiles) character file.

22 twist the Ducker (level 2, -3/23 HPs)
             Began as a Demonspawn Gladiator on Oct 28, 2017.
             Slain by a white imp (4 damage)
             ... summoned by Natasha
             ... on level 2 of the Dungeon on Nov 13, 2017.
             The game lasted 00:01:40 (645 turns).

twist the Ducker (Demonspawn Gladiator)              Turns: 645, Time: 00:01:41

Health: -3/23      AC:  4    Str: 14    XL:     2   Next: 68%
Magic:  0/2        EV: 13    Int:  9    God:
Gold:   23         SH:  0    Dex: 14    Spells: 1/1 levels left

rFire    . . .     SeeInvis .   a - +0 war axe
rCold    . . .     Gourm    .   (no shield)
rNeg     . . .     Faith    .   b - +0 leather armour
rPois    .         Spirit   +   c - +0 helmet
rElec    .         Reflect  .   k - scarf {Spirit}
rCorr    .         Harm     .   (no gloves)
MR       .....                  (no boots)
Stlth    +.........             (no amulet)
HPRegen  0.07/turn              (no ring)
MPRegen  0.08/turn              (no ring)

@: no status effects
A: powered by death 1
a: no special abilities


You were on level 2 of the Dungeon.
You were not hungry.

You visited 1 branch of the dungeon, and saw 2 of its levels.

You collected 23 gold pieces.

Inventory:

Hand Weapons
 a - a +0 war axe (weapon)
Missiles
 d - 2 throwing nets (quivered)
Armour
 b - a +0 leather armour (worn)
 c - a +0 helmet (worn)
 k - a scarf of spirit shield (worn)
Scrolls
 i - a scroll of enchant armour {unknown}
 n - a scroll of immolation {unknown}
Potions
 e - a potion of lignification {unknown}
 g - a potion of degeneration {unknown}
 h - a potion of flight {unknown}
 l - a potion of magic {unknown}
Comestibles
 f - a bread ration
 j - a royal jelly
 m - 2 chunks of flesh


   Skills:
 + Level 2.3 Fighting
 + Level 3.0 Axes
 + Level 2.1 Throwing
 + Level 3.0 Dodging


You had one spell level left.
You didn't know any spells.

Dungeon Overview and Level Annotations

Branches:
Dungeon (2/15)

Altars:

Annotations:
D:2 Natasha


Innate Abilities, Weirdness & Mutations

You regenerate a little health from kills.


Message History

You hit Natasha but do no damage. You barely miss the white imp.
Natasha struggles against the net.
The white imp hits you. The white imp freezes you.
Natasha struggles against the net.
You catch the helpless Natasha completely off-guard!
You slash Natasha!
Natasha is severely wounded.
You barely miss the white imp. The white imp hits you.
* * * LOW HITPOINT WARNING * * *
The white imp freezes you.
* * * LOW HITPOINT WARNING * * *
Natasha struggles against the net.
You barely miss Natasha.
Natasha is severely wounded.
You barely miss the white imp.
Natasha wildly gestures.
Natasha shimmers violently.
Natasha struggles against the net.
The white imp hits you.
* * * LOW HITPOINT WARNING * * *
The white imp freezes you.
You die...

........# ...(.(...#
........#..........#
........#..........#
........#....5.....#
............##.....##
#...<....##.##.###..###
..#......#..##.5##....#
...........###gh@.....#
......$...###w5###...<#
..#..##.g..#...###....#
....)#...............##
.#..#................#
....#................#
.................#####
..#.#.(.........##
#(.......#...##


You could see a worm, an iron imp, Natasha (caught), a crimson imp, a white imp
and a hobgoblin.

Vanquished Creatures
  A dart slug (D:2)
  A leopard gecko (D:1)
  4 bats (D:1)
  A giant cockroach (D:1)
  3 goblins (D:1)
  2 hobgoblins (D:1)
  A frilled lizard (D:1)
  3 kobolds (D:1)
  A rat (D:1)
17 creatures vanquished.

Notes
Turn   | Place    | Note
-------+----------+-------------------------------------------
     0 | D:1      | twist the Demonspawn Gladiator began the quest for the Orb.
     0 | D:1      | Reached XP level 1. HP: 16/16 MP: 1/1
   156 | D:1      | Gained mutation: You regenerate a little health from kills. [demonic ancestry]
   156 | D:1      | Reached XP level 2. HP: 22/22 MP: 2/2
   587 | D:1      | Upgraded the game from 0.21-a0-404-g291f19a to 0.21-a0-442-g848f44b
   627 | D:2      | Noticed Natasha
   640 | D:2      | Noticed a crimson imp
   645 | D:2      | HP: 1/23 [white imp[Natasha] (1)]
   645 | D:2      | Slain by a white imp

Vault maps used:
D:1:      dpeg_arrival_arbitrary_b, solitary_fountain
D:2:      grunt_ministairs_14, minivault_5, uniq_jessica, uniq_sigmund,
          uniq_natasha

Skill      XL: |  1  2 |
---------------+-------+-----
Throwing       | 2 |  2.1
Axes           | 3 |  3.0
Dodging        | 3 |  3.0
Fighting       | |  2.3

Action                   || total
-------------------------++-------
Melee: War axe           ||    35
Throw: Throwing net      ||     1
 Stab: Sleeping          ||     1
       Held in net/web   ||     1
Armor: Leather armour    ||    13
Dodge: Dodged            ||    19

Table legend:
 A = Spawn XP
 B = Non-spawn XP
 C = Spawn XP percentage of total XP
 D = Spawn monster count
 E = Non-spawn monster count
 F = Spawn count percentage of total count
 G = Total turns spent on level
                    A         B        C        D         E        F      G
               +---------+---------+-------+---------+---------+-------+---------
         Total |       0 |      32 |   0.0 |       0 |      17 |   0.0 |   645
               +---------+---------+-------+---------+---------+-------+---------
           D:1 |       0 |      28 |   0.0 |       0 |      16 |   0.0 |   607
           D:2 |       0 |       4 |   0.0 |       0 |       1 |   0.0 |    38
               +---------+---------+-------+---------+---------+-------+---------
